 Dungeon Crawl Stone Soup version 0.30-a0-900-g23479c02f2 (webtiles) character file.

Game seed: 2329475616675377695

4109 Lobster4 the Conjurer (level 10, -4/74 HPs)
             Began as a Human Conjurer on Mar 18, 2023.
             Slain by an orc warrior
             ... wielding a +0 glaive
              (14 damage)
             ... in a bailey.
             The game lasted 00:23:21 (9247 turns).

Lobster4 the Conjurer (Human Conjurer)              Turns: 9247, Time: 00:23:22

Health: -4/74      AC:  7    Str:  8    XL:     10   Next: 50%
Magic:  2/18       EV: 13    Int: 27    God:
Gold:   386        SH:  0    Dex: 13    Spells: 8/19 levels left

rFire   . . .      SeeInvis +    G - +3 short sword (flame)
rCold   . . .      Faith    .    (no shield)
rNeg    . . .      Spirit   .    s - +1 leather armour {rPois}
rPois   +          Reflect  .    w - +0 helmet
rElec   .          Rampage  .    (no cloak)
rCorr   .                        m - +0 pair of gloves
Will    .....                    (no boots)
Stlth   ++                       c - amulet of the acrobat
HPRegen 0.32/turn                o - ring of see invisible
MPRegen 0.16/turn                B - +6 ring of intelligence

@: no status effects
A: no striking features
a: no special abilities


You were in a bailey.
You visited 1 branch of the dungeon, and saw 7 of its levels.
You also visited: Bailey.

You collected 602 gold pieces.
You spent 216 gold pieces at shops.

Inventory:

Hand Weapons
 k - a +1 short sword of draining
 n - a +2 dagger of venom
 q - a +2 hand axe of freezing
 A - a +0 shortbow
 F - the +1 long sword "Aryh Mois" {elec, rN++ Int+3 Stlth-}
   (You found it on level 5 of the Dungeon)

   Int:       It affects your intelligence (+3).
   rN:        It greatly protects you from negative energy.
   Stlth:     It makes you less stealthy.
 G - a +3 short sword of flaming (weapon)
 M - a +3 long sword
Missiles
 E - 6 javelins (quivered)
Armour
 m - a +0 pair of gloves (worn)
 s - a +1 leather armour of poison resistance (worn)
 w - a +0 helmet (worn)
Jewellery
 c - an amulet of the acrobat (around neck)
 j - a ring of protection from fire
 o - a ring of see invisible (left hand)
 B - a +6 ring of intelligence (right hand)
 D - a ring of protection from fire
 K - a ring of protection from fire
Wands
 t - a wand of paralysis (6)
Scrolls
 a - 2 scrolls of amnesia {unknown}
 d - a scroll of fog {unknown}
 g - 2 scrolls of poison {unknown}
 i - a scroll of silence {unknown}
 l - a scroll of blinking
 u - a scroll of fear {unknown}
 v - 2 scrolls of magic mapping
 x - 3 scrolls of teleportation {unknown}
 y - 4 scrolls of enchant weapon
 I - a scroll of identify
 J - a scroll of immolation {unknown}
 P - 5 scrolls of enchant armour
Potions
 b - a potion of magic
 e - a potion of invisibility
 f - 2 potions of resistance
 h - 8 potions of curing
 p - 4 potions of heal wounds
 r - 3 potions of flight
 z - a potion of mutation
 C - a potion of might
 H - 2 potions of brilliance {unknown}
 L - a potion of cancellation
 N - a potion of lignification
 O - 2 potions of haste


   Skills:
 + Level 5.5 Fighting
 - Level 1.0(2.5) Short Blades
 + Level 3.7(3.8) Long Blades
 + Level 5.5 Armour
 + Level 5.9 Dodging
 - Level 4.0 Stealth
 + Level 5.4 Spellcasting
 + Level 7.0 Conjurations
 + Level 3.1 Translocations
 - Level 3.0 Evocations


You had 8 spell levels left.
You knew the following spells:

 Your Spells              Type           Power      Damage    Failure   Level
a - Magic Dart            Conj           100%       1d8       1%          1
b - Searing Ray           Conj           90%        2d7       1%          2
c - Iskenderun's Mystic   Conj/Tloc      34%        2d8       12%         4
d - Momentum Strike       Conj/Tloc      68%        3d9       1%          2
e - Blink                 Tloc           48%        N/A       3%          2

Your spell library contained the following spells:

 Spells                   Type           Power      Damage    Failure   Level
 Lesser Beckoning         Tloc           48%        N/A       3%          2
 Dazzling Flash           Conj/Hex       52%        N/A       7%          3
 Fulminant Prism          Conj/Hex       13%        3d9       22%         4


Dungeon Overview and Level Annotations

Branches:
Dungeon (7/15)             Bailey (1/1)
 Temple: D:4-7

Altars:
Gozag
Kikubaaqudgha
Nemelex Xobeh
Ru

Shops:
D:2 :   D:4 :   D:5 :   D:6 :


Message History

Press: ? - help, Shift-Dir - straight line, f - orc warrior
Aim: an orc warrior, wielding a +0 glaive and wearing a +0 chain mail (80% to hit)
The searing ray hits the orc warrior!
The orc warrior is moderately wounded. (Press . to maintain the ray.)
The searing ray hits the orc warrior but does no damage.
The orc warrior is moderately wounded.
The orc warrior hits you from afar with a +0 glaive!
The searing ray misses the orc warrior.
The orc warrior closely misses you.
The searing ray hits the orc warrior.
The orc warrior is heavily wounded.
You finish channelling your searing ray.
The orc warrior misses you. The orc warrior completely misses you.
Things that are here:
a +0 halberd; a +0 chain mail You closely miss the orc warrior.
The orc warrior is heavily wounded.
The orc warrior misses you.
You hit the orc warrior. You burn the orc warrior.
The orc warrior is severely wounded.
The orc warrior hits you with a +0 glaive.
You hit the orc warrior. You burn the orc warrior.
The orc warrior is severely wounded.
The orc warrior hits you with a +0 glaive!
You hit the orc warrior but do no damage.
The orc warrior is severely wounded.
The orc warrior barely misses you.
You closely miss the orc warrior.
The orc warrior is severely wounded.
The orc warrior hits you with a +0 glaive!
You hit the orc warrior. You burn the orc warrior.
Your punch misses the orc warrior.
The orc warrior is almost dead.
The orc warrior hits you with a +0 glaive!
* * * LOW HITPOINT WARNING * * *
You hit the orc warrior but do no damage.
The orc warrior is almost dead.
The orc warrior hits you with a +0 glaive!
You die...

############ #######
##.∩.......)## ##.....####
#...)..#.....######.......#..
#..)..###...)#....#).##...'..
#∩..)..8....@o)))))..8....'..
#.....###....#.)..#..##...((.
#......#).)..######..)....#..
##.∩....))..## ##..)..####
############ #######


You could see an orc warrior.

Vanquished Creatures
  An orc knight (Bailey)
  A hornet (D:5)
  A water moccasin (D:6)
  9 orc warriors (Bailey)
  2 black bears (D:5)
  2 ice beasts (D:6)
  A sky beast (D:6)
  2 centaurs (D:5)
  3 ogres
  3 phantoms
  2 kobold brigands
  3 scorpions
  5 wights (D:6)
  A jelly (D:4)
  6 hounds
  A gnoll bouda (D:6)
  3 sleepcaps
  6 orc wizards
  4 iguanas
  5 gnolls (D:6)
  13 adders
  A shadow imp (D:6)
  2 ufetubi (D:5)
  A worm (D:2)
  4 dart slugs
  29 orcs
  11 endoplasms
  4 giant cockroaches
  13 goblins
  13 hobgoblins
  6 jackals
  16 kobolds
  10 quokkas
  8 ball pythons
  5 bats
  5 frilled lizards
  7 rats
209 creatures vanquished.

Vanquished Creatures (others)
  A human (D:5)
1 creature vanquished.

Grand Total: 210 creatures vanquished

Notes
Turn   | Place    | Note
-------+----------+-------------------------------------------
     0 | D:1      | Lobster4 the Human Conjurer began the quest for the Orb.
     0 | D:1      | Reached XP level 1. HP: 13/13 MP: 3/3
   220 | D:1      | Reached XP level 2. HP: 16/19 MP: 0/5
   223 | D:1      | Learned a level 2 spell: Searing Ray
   580 | D:1      | Reached XP level 3. HP: 21/25 MP: 1/6
   869 | D:1      | Reached skill level 1 in Armour
  1411 | D:1      | Reached skill level 1 in Fighting
  1645 | D:2      | Reached XP level 4. HP: 32/32 MP: 3/7
  2422 | D:2      | Reached XP level 5. HP: 37/37 MP: 3/8
  2627 | D:2      | Reached skill level 1 in Short Blades
  2757 | D:2      | Found Plog's Book Shop.
  3578 | D:3      | Reached XP level 6. HP: 44/44 MP: 7/9
  4185 | D:4      | Found Acyich's Book Emporium.
  4587 | D:4      | Reached skill level 1 in Evocations
  4643 | D:4      | Reached XP level 7. HP: 51/51 MP: 4/11
  5006 | D:4      | Reached skill level 5 in Conjurations
  5253 | D:5      | Entered Level 5 of the Dungeon
  5537 | D:5      | Reached XP level 8. HP: 53/58 MP: 8/13
  5646 | D:5      | Found an opulent altar of Gozag.
  5714 | D:5      | Found Liby's Book Shop.
  6422 | D:5      | Found an ancient bone altar of Kikubaaqudgha.
  6423 | D:5      | Noticed a human
  6426 | D:5      | Killed a human
  6674 | D:5      | Identified the +1 long sword "Aryh Mois" {elec, rN++ Int+3
                  | Stlth-}
  6697 | D:5      | Noticed a hornet
  6705 | D:5      | Killed a hornet
  6706 | D:5      | Reached XP level 9. HP: 38/65 MP: 12/15
  6713 | D:5      | Reached skill level 1 in Long Blades
  6744 | D:5      | Reached skill level 6 in Conjurations
  6891 | D:6      | Learned a level 4 spell: Iskenderun's Mystic Blast
  7250 | D:6      | Reached skill level 5 in Dodging
  7250 | D:6      | Reached skill level 1 in Translocations
  7480 | D:6      | Found Iguhibra's Book Emporium.
  7483 | D:6      | Bought a book of Spatial Translocations for 216 gold pieces
  7486 | D:6      | Learned a level 2 spell: Momentum Strike
  8247 | D:6      | Reached XP level 10. HP: 73/73 MP: 9/17
  8298 | D:6      | Found a sacrificial altar of Ru.
  8299 | D:6      | Found a sparkling altar of Nemelex Xobeh.
  8374 | D:7      | Learned a level 2 spell: Blink
  8377 | D:7      | Found a flagged portal.
  8437 | Bailey   | Entered a bailey
  8546 | Bailey   | Reached skill level 5 in Fighting
  8546 | Bailey   | Reached skill level 5 in Armour
  8546 | Bailey   | Reached skill level 5 in Spellcasting
  8828 | Bailey   | Noticed an orc knight
  9006 | Bailey   | Killed an orc knight
  9088 | Bailey   | Reached skill level 7 in Conjurations
  9247 | Bailey   | Slain by an orc warrior

Illustrated notes

Levels and vault maps discovered:
D:1:      eino_arrival_cavern_a, layout_basic, minmay_pentomino_w4
D:2:      minmay_chambers_of_twos, layout_basic, serial_shops, shop_fountains
D:3:      layout_rooms, kennysheep_cross_room, minmay_vboxes
D:4:      layout_loops_cross, serial_shops, shop, minmay_close_crescents
D:5:      layout_loops_ring, tgw_kikubaaqudgha, grunt_gozag_statues,
          serial_shops, nicolae_shop_stone, grunt_ministairs_6,
          minmay_joined_circles
D:6:      layout_rooms, gammafunk_temple_overflow_wave, serial_shops,
          nicolae_shop_window_shopping, nicolae_elevator_lobby_asterisk
D:7:      layout_cave_pools, mainiacjoe_overflow_boulevard,
          minmay_temple_entry_offerings, enter_bailey_3
Bailey:   bailey_polearm_5, bailey

Skill      XL: |  1  2  3  4  5  6  7  8  9 10 |
---------------+-------------------------------+-----
Armour         | 1 2 4 5 |  5.5
Fighting       | 1 2 3 4 5 |  5.5
Short Blades   | 1 |  1.0
Stealth        | 3 4 |  4.0
Dodging        | 3 4 5 |  5.9
Evocations     | 1 2 3 |  3.0
Spellcasting   | 3 4 5 |  5.4
Conjurations   | 5 6 7 |  7.0
Long Blades    | 2 3 |  3.7
Translocations | 2 3 |  3.1

Action                     |  1- 3 |  4- 6 |  7- 9 | 10-12 || total
---------------------------+-------+-------+-------+-------++-------
  Melee: Unarmed           |    12 |       |       |       ||    12
         Dagger            |    10 |    14 |    84 |       ||   108
         Short sword       |     1 |       |    32 |    29 ||    62
  Throw: Dart              |       |       |     1 |    14 ||    15
   Cast: Magic Dart        |    66 |   120 |    76 |    30 ||   292
         Searing Ray       |     3 |    13 |    43 |    20 ||    79
  Evoke: Wand              |       |       |     3 |     6 ||     9
    Use: Scroll            |       |     7 |     4 |     1 ||    12
         Potion            |       |       |     2 |       ||     2
   Stab: Sleeping          |       |       |     1 |       ||     1
         Paralysed         |       |       |     2 |     3 ||     5
 Armour: Robe              |     7 |     1 |       |       ||     8
         Leather armour    |       |     3 |    41 |     6 ||    50
  Dodge: Dodged            |    24 |    24 |   126 |    60 ||   234

Table legend: (Time is in decaauts)
 A = Elapsed time spent in this place.
 B = Non-inter-level travel time spent in this place.
 C = Inter-level travel time spent in this place.
 D = Time resting spent in this place.
 E = Time spent auto-exploring this place.
 F = Levels seen in this place.
 G = Mean time per level.
                   A        B        C        D        E       F      G
               +--------+--------+--------+--------+--------+-----+--------+
         Total |   9229 |   9013 |    216 |   1016 |   6479 |   8 | 1153.6 |
       Dungeon |   8423 |   8207 |    216 |    578 |   6379 |   7 | 1203.3 |
        Bailey |    806 |    806 |      0 |    438 |    100 |   1 |  806.0 |
               +--------+--------+--------+--------+--------+-----+--------+

Top non-repeatable levels by time:
     D:5: 1684 daAuts
     D:1: 1611 daAuts
     D:4: 1389 daAuts
     D:6: 1388 daAuts
     D:2: 1252 daAuts
     D:3: 995 daAuts
  Bailey: 806 daAuts
     D:7: 102 daAuts
